AoeStats
← Death_Rider

Pilgrims

509276869Analyzed
2v2 RM · 8d ago on Sep 26, 2026· 29m 2s· 4 players
Game mode
Random Map
Map size
Medium (4 player)
Population
200
Speed
Normal
Resources
Standard
Victory
Conquest
Starting age
Dark Age
Ending age
Imperial Age
RankedLock teamsTeams togetherTeam positionsShared explorationLock speedFull tech treeHidden civsTurbo modeCheats
Victory
Defeat
🇨🇴 Italians · Colombia
1004
+13
🇨🇴 Maya · Colombia
923
+16
🇩🇪 Turks · Germany
937
-15
🇦🇹 Teutons · Austria
926
-14
Death_Rider
3:06 Loom
12:26 Feudal Age
12:54 Double-Bit Axe
12:57 Horse Collar
14:00 Forging
14:40 Scale Barding Armor
21:55 Castle Age
19:50 Gold Mining
20:42 Stone Mining
20:56 Fletching
Bierfräsn88
10:50 Loom
14:12 Feudal Age
16:54 Bloodlines
16:54 Double-Bit Axe
19:04 Horse Collar
20:18 Scale Barding Armor
26:01 Castle Age
24:04 Stone Mining
24:41 Forging
27:40 Heavy Plow
29:12 Wheelbarrow
DAPP
9:41 Loom
14:26 Feudal Age
18:51 Castle Age
18:20 Stone Mining
18:50 Padded Archer Armor
18:41 Fletching
18:55 Crossbowman
20:22 Stone Shaft Mining
19:41 Double-Bit Axe
22:38 Horse Collar
24:23 Pikeman
27:06 Wheelbarrow
28:11 Bodkin Arrow
mcalebsantiago
4:15 Loom
12:10 Feudal Age
20:36 Fishing Lines
27:08 Castle Age
24:50 Horse Collar
24:57 Double-Bit Axe
27:21 Fletching
27:31 Padded Archer Armor
27:41 Forging
27:31 Scale Mail Armor
27:14 Crossbowman
28:01 Thumb Ring
29:00 Town Watch
Connection lost

Rejoining the realm…

Still unreachable

The connection could not be restored.

Session expired

The server has moved on; the page needs a fresh start.